 Dungeon Crawl Stone Soup version 0.30-a0-719-gcc4359ea44 (webtiles) character file.

Game seed: 10947089571388280455

3773 BaabKaare the Arsonist (level 9, -1/63 HPs)
             Began as a Black Draconian Fire Elementalist on Jan 26, 2023.
             Slain by a sun demon (15 damage)
             ... summoned by a kobold demonologist
             ... on level 7 of the Dungeon.
             The game lasted 00:22:41 (8665 turns).

BaabKaare the Arsonist (DrFE)                       Turns: 8665, Time: 00:22:42

Health: -1/63      AC:  7    Str: 10    XL:     9   Next: 94%
Magic:  11/21      EV: 12    Int: 20    God:
Gold:   264        SH:  0    Dex: 12    Spells: 11/25 levels left

rFire   . . .      SeeInvis .    (no weapon)
rCold   . . .      Faith    .    (no shield)
rNeg    . . .      Spirit   .    (body armour unavailable)
rPois   +          Reflect  .    (helmet restricted)
rElec   +          Harm     .    (no cloak)
rCorr   .          Rampage  .    (no gloves)
Will    .....                    (no boots)
Stlth   ++                       s - amulet of magic regeneration
HPRegen 0.30/turn                y - ring of poison resistance
MPRegen 0.57/turn                (no ring)

@: no status effects
A: breathe lightning, AC +7, unfitting armour, electricity resistance,
cold-blooded
a: Breathe Lightning


You were on level 7 of the Dungeon.
You visited 1 branch of the dungeon, and saw 7 of its levels.

You collected 264 gold pieces.

Inventory:

Jewellery
 j - a ring of ice
 m - an amulet of the acrobat
 s - an amulet of magic regeneration (around neck)
 t - a +4 ring of slaying
 y - a ring of poison resistance (left hand)
 A - an amulet of faith
 D - a ring of protection from cold
Wands
 C - a wand of flame (2)
 F - a wand of mindburst (12)
Scrolls
 a - 4 scrolls of noise {unknown}
 b - 5 scrolls of identify {unknown}
 d - a scroll of teleportation {unknown}
 e - 2 scrolls of acquirement {unknown}
 g - 2 scrolls of amnesia {unknown}
 i - 2 scrolls of blinking {unknown}
 k - a scroll of summoning {unknown}
 n - 4 scrolls of fog {unknown}
 p - a scroll of vulnerability {unknown}
 w - a scroll of silence {unknown}
 x - a scroll of brand weapon {unknown}
 z - a scroll of magic mapping {unknown}
 B - 2 scrolls of enchant weapon {unknown}
 G - a scroll of enchant armour {unknown}
Potions
 c - 2 potions of attraction {unknown}
 f - 3 potions of curing {unknown}
 h - 4 potions of heal wounds {unknown}
 l - a potion of might {unknown}
 o - a potion of flight {unknown}
 q - 4 potions of ambrosia {unknown}
 r - 3 potions of invisibility
 u - 3 potions of mutation {unknown}
 v - a potion of brilliance {unknown}
 E - 2 potions of lignification


   Skills:
 + Level 0.8 Fighting
 + Level 2.6 Dodging
 + Level 2.7 Stealth
 + Level 8.9 Spellcasting
 + Level 1.3 Conjurations
 + Level 1.7 Hexes
 + Level 2.0 Translocations
 + Level 10.0 Fire Magic
 + Level 2.1 Air Magic


You had 11 spell levels left.
You knew the following spells:

 Your Spells              Type           Power      Damage    Failure   Level
a - Foxfire               Conj/Fire      100%       2x1d9     1%          1
b - Scorch                Fire           96%        2d10      1%          2
c - Kindle Blastsparks    Fire/Tloc/Air  54%        2d14      3%          3
d - Inner Flame           Hex/Fire       32%        N/A       1%          3
e - Flame Wave            Conj/Fire      31%        2d9       8%          4
f - Magic Dart            Conj           56%        1d5       4%          1

Your spell library contained the following spells:

 Spells                   Type           Power      Damage    Failure   Level
 Apportation              Tloc           34%        N/A       3%          1
 Beastly Appendage        Tmut           16%        N/A       8%          1
 Necrotise                Necr           32%        1d5       8%          1
 Sandblast                Erth           16%        2d6       8%          1
 Summon Small Mammal      Summ           32%        N/A       8%          1
 Ensorcelled Hibernation  Hex/Ice        24%        N/A       9%          2
 Portal Projectile        Hex/Tloc       32%        N/A       11%         3
 Tukima's Dance           Hex            16%        N/A       11%         3
 Call Imp                 Summ           8%         N/A       12%         2
 Passwall                 Tmut/Erth      6%         N/A       12%         2
 Wereblood                Tmut           8%         N/A       12%         2
 Dazzling Flash           Conj/Hex       30%        N/A       12%         3
 Mephitic Cloud           Conj/Pois/Air  13%        N/A       14%         3
 Stone Arrow              Conj/Erth      22%        3d8       19%         3
 Call Canine Familiar     Summ           8%         N/A       24%         3
 Spider Form              Tmut/Pois      8%         N/A       24%         3
 Passage of Golubria      Tloc           17%        N/A       32%         4
 Anguish                  Hex/Necr       6%         N/A       47%         4
 Leda's Liquefaction      Hex/Erth       6%         N/A       47%         4
 Silence                  Hex/Air        8%         N/A       67%         5
 Yara's Violent Unravell  Hex/Tmut       6%         3d5       83%         5
 Agony                    Necr           8%         N/A       91%         5


Dungeon Overview and Level Annotations

Branches:
Dungeon (7/15)
 Temple: D:4-7

Altars:
Dithmenos
Yredelemnul

Shops:
D:3 :   D:4 *


Innate Abilities, Weirdness & Mutations

You can breathe wild blasts of lightning.
Your glossy black scales are hard. (AC +7)
You cannot fit into any form of body armour.
You are resistant to electric shocks. (rElec)
You are cold-blooded and may be slowed by cold attacks.


Message History

Casting: Scorch (safe; 1% risk of failure)
Confirm with . or Enter, or press ? or * to list all spells.
Flames lash the kobold demonologist.
The kobold demonologist is burned terribly!
The kobold demonologist is moderately wounded.
The kobold demonologist casts a spell.
Casting: Scorch (safe; 1% risk of failure)
Confirm with . or Enter, or press ? or * to list all spells.
Flames lash the orange demon.
The orange demon is lightly wounded.
The orange demon's fire resistance burns away.
The kobold demonologist hits you but does no damage.
The orange demon stings you from afar!
Casting: Scorch (safe; 1% risk of failure)
Confirm with . or Enter, or press ? or * to list all spells.
Flames lash the kobold.
You kill the kobold!
The kobold demonologist hits you with a +0 dagger.
The orange demon stings you from afar!
Casting: Scorch (safe; 1% risk of failure)
Confirm with . or Enter, or press ? or * to list all spells.
Flames lash the orange demon.
The orange demon is burned terribly!
The orange demon is moderately wounded.
The kobold demonologist casts a cantrip, but nothing happens.
The orange demon stings you from afar!
Casting: Scorch (safe; 1% risk of failure)
Confirm with . or Enter, or press ? or * to list all spells.
Flames lash the kobold demonologist.
The kobold demonologist is burned terribly!
The kobold demonologist is almost dead.
The kobold demonologist mumbles some strange words.
The orange demon closely misses you.
Casting: Scorch (safe; 1% risk of failure)
Confirm with . or Enter, or press ? or * to list all spells.
Flames lash the orange demon.
The orange demon is burned terribly!
The orange demon is moderately wounded.
The sun demon hits you!!
* * * LOW HITPOINT WARNING * * *
You are engulfed in flames!
You die...

#.#
#...)..........
#<#
##......#.#.##.
#.#
#......#.#.#
#.#
####.#.#.#.#
..# ...#..#...
### #####.#.#.#
# #.#.#.# .#.#
#.#3#.##.....
#..@)4..>...#
####K..#...##
####......^....
#.....3.......#
#.##.#...####.#
# #.#...# #
#K#...# #)#...#
#K#....


You could see a sun demon (summoned), an orange demon (summoned, combustible), a
kobold demonologist (combustible) and a neqoxec (summoned).

Vanquished Creatures
  A two-headed ogre (D:7)
  Pikel (D:5)
  A kobold demonologist (D:7)
  Grinder (D:6)
  Edmund (D:6)
  A black bear (D:6)
  An ogre (D:5)
  An ice beast (D:6)
  A phantom (D:6)
  A lemure (D:5)
  Blork the orc (D:6)
  A bullfrog (D:7)
  4 kobold brigands
  5 scorpions
  2 necrophages (D:5)
  5 killer bees (D:7)
  2 howler monkeys
  3 hounds
  3 orc priests
  Natasha (D:4)
  3 iguanas
  9 orc wizards
  7 adders
  A shadow imp (D:7)
  A white imp (D:7)
  3 ufetubi
  A worm (D:2)
  2 dart slugs
  33 orcs
  9 ball pythons
  6 endoplasms
  5 giant cockroaches
  4 hobgoblins
  2 jackals (D:4)
  7 quokkas
  2 bats
  2 frilled lizards (D:2)
  7 goblins
  15 kobolds
  8 rats
164 creatures vanquished.

Vanquished Creatures (others)
  61 foxfires
61 creatures vanquished.

Grand Total: 225 creatures vanquished

Notes
Turn   | Place    | Note
-------+----------+-------------------------------------------
     0 | D:1      | BaabKaare the Draconian Fire Elementalist began the quest
                  | for the Orb.
     0 | D:1      | Reached XP level 1. HP: 14/14 MP: 3/3
   659 | D:2      | Reached XP level 2. HP: 20/20 MP: 0/5
  1494 | D:2      | Learned a level 2 spell: Scorch
  1574 | D:2      | Reached XP level 3. HP: 5/26 MP: 0/6
  2421 | D:3      | Found Izycram's Book Emporium.
  2626 | D:3      | Reached skill level 4 in Fire Magic
  2626 | D:3      | Reached XP level 4. HP: 18/33 MP: 2/8
  3073 | D:2      | Learned a level 3 spell: Kindle Blastsparks
  3077 | D:2      | Learned a level 3 spell: Inner Flame
  3139 | D:2      | Reached XP level 5. HP: 32/38 MP: 3/10
  4232 | D:4      | Found a basalt altar of Yredelemnul.
  4513 | D:4      | Found Enuoneomp's Overcharged Wands.
  4547 | D:4      | Reached XP level 6. HP: 35/45 MP: 9/12
  4660 | D:4      | Noticed Natasha
  4667 | D:4      | Killed Natasha
  4668 | D:4      | Reached skill level 1 in Translocations
  4980 | D:4      | Reached skill level 5 in Fire Magic
  5106 | D:5      | Entered Level 5 of the Dungeon
  5305 | D:5      | Learned a level 4 spell: Flame Wave
  5307 | D:5      | Learned a level 1 spell: Magic Dart
  5312 | D:5      | Noticed Pikel
  5332 | D:5      | Killed Pikel
  5333 | D:5      | Reached skill level 5 in Spellcasting
  5333 | D:5      | Reached skill level 6 in Fire Magic
  5333 | D:5      | Reached skill level 1 in Air Magic
  5333 | D:5      | Your scales start taking on a glossy black colour.
  5333 | D:5      | Reached XP level 7. HP: 39/50 MP: 2/15
  5333 | D:5      | Gained mutation: You are resistant to electric shocks.
                  | (rElec) [Black Draconian growth]
  5469 | D:5      | Reached XP level 8. HP: 52/57 MP: 9/17
  5914 | D:5      | Found a shadowy altar of Dithmenos.
  6142 | D:5      | Reached skill level 1 in Hexes
  6436 | D:6      | Noticed Grinder
  6440 | D:6      | Reached skill level 7 in Fire Magic
  6448 | D:6      | Noticed Edmund
  6452 | D:6      | Killed Edmund
  6729 | D:6      | Killed Grinder
  6799 | D:6      | Reached XP level 9. HP: 62/62 MP: 14/20
  6925 | D:6      | Reached skill level 8 in Fire Magic
  6936 | D:7      | Noticed a two-headed ogre
  7475 | D:6      | Noticed Blork the orc
  7482 | D:6      | Killed Blork the orc
  7583 | D:7      | Killed a two-headed ogre
  7584 | D:7      | Reached skill level 9 in Fire Magic
  8229 | D:7      | Noticed a kobold demonologist
  8233 | D:7      | Noticed a kobold demonologist
  8237 | D:7      | Killed a kobold demonologist
  8314 | D:7      | Noticed a sixfirhy
  8315 | D:7      | Noticed a smoke demon
  8321 | D:7      | Noticed an ice devil
  8329 | D:6      | Reached skill level 10 in Fire Magic
  8661 | D:7      | Noticed an orange demon
  8665 | D:7      | Noticed a sun demon
  8665 | D:7      | Slain by a sun demon

Illustrated notes

Levels and vault maps discovered:
D:1:      onia_arrival_pentagram, layout_rooms
D:2:      layout_rooms
D:3:      layout_loops_ring, serial_shops, nicolae_shop_trees,
          minmay_fractal_squares_diagonal_5
D:4:      layout_basic, yredelemnul_altar_generic,
          nicolae_shop_overcharged_wands, uniq_natasha
D:5:      layout_loops_cross, grunt_dithmenos_smoke_and_mirrors, uniq_pikel
D:6:      layout_loops_cross, minmay_misc_feat_chi, minmay_diced_spiral,
          uniq_grinder, uniq_edmund, uniq_blork_the_orc
D:7:      layout_loops_ring, minmay_temple_entry_sparse_star, grunt_ministairs_2

Skill      XL: |  1  2  3  4  5  6  7  8  9 |
---------------+----------------------------+-----
Stealth        | 2 |  2.7
Dodging        | 2 |  2.6
Fire Magic     | 4 6 7 10 | 10.0
Spellcasting   | 3 4 5 6 7 8 |  8.9
Translocations | 1 2 |  2.0
Air Magic      | 1 2 |  2.1
Hexes          | 1 |  1.7
Fighting       | |  0.8
Conjurations   | |  1.3

Action                     |  1- 3 |  4- 6 |  7- 9 || total
---------------------------+-------+-------+-------++-------
  Melee: Unarmed           |       |     2 |       ||     2
   Cast: Foxfire           |    34 |     4 |       ||    38
         Scorch            |    25 |    66 |   142 ||   233
         Kindle Blastspark |       |    12 |    13 ||    25
         Inner Flame       |       |     3 |    10 ||    13
         Magic Dart        |       |       |     5 ||     5
    Use: Potion            |     1 |     1 |       ||     2
 Armour: Skin              |    20 |    15 |    33 ||    68
  Dodge: Dodged            |    52 |    57 |    62 ||   171

Table legend: (Time is in decaauts)
 A = Elapsed time spent in this place.
 B = Non-inter-level travel time spent in this place.
 C = Inter-level travel time spent in this place.
 D = Time resting spent in this place.
 E = Time spent auto-exploring this place.
 F = Levels seen in this place.
 G = Mean time per level.
                   A        B        C        D        E       F      G
               +--------+--------+--------+--------+--------+-----+--------+
         Total |   8673 |   8501 |    172 |   4384 |   2242 |   7 | 1239.0 |
       Dungeon |   8673 |   8501 |    172 |   4384 |   2242 |   7 | 1239.0 |
               +--------+--------+--------+--------+--------+-----+--------+

Top non-repeatable levels by time:
     D:2: 1613 daAuts
     D:5: 1541 daAuts
     D:6: 1308 daAuts
     D:4: 1230 daAuts
     D:3: 1208 daAuts
     D:1: 1057 daAuts
     D:7: 712 daAuts
